zoologist, lawful male human Archeologist ---------- #..........# #|....*...|# # ----.---- # ## ------------- # # -`.........`| #### ## |.....`......# # # --------- |...-----...|# #### # |.......Y##############|...|.{.....| # # ## |......@| #|..`|{.{|`..| #### # ----- |.....^..##############....|.{ |...| #*# -.---- # +...| --------- ##|...-----...| #### |.....## |...| ##|.....`.....| # ###|....|#####....| |`.........`.## #.....| ## |...| ------------- |.....#####....| |....| |...| |....| ----- ------ zoologist the Field Worker Experience level: 5 Strength: 14 Dexterity: 12 Constitution: 15 Intelligence: 13 Wisdom: 14 Charisma: 9 Health: 0(44) Energy: 23(23) Def: 2 Gold: 655 Moves: 4470 Dungeon seed: 4gxM3riGPJ9W0iib Game ID: zoologist_1526308384 Your Inventory: Coins $ - 655 gold pieces Amulets k - a cursed amulet of restful sleep Weapons a - a +2 bullwhip t - a +0 orcish dagger v - 10 +0 crossbow bolts Armor e - an uncursed +0 leather jacket (being worn) n - an uncursed +0 fedora r - an uncursed +0 orcish helm (being worn) y - an uncursed +0 helm of opposite alignment Y - an uncursed +0 mummy wrapping Comestibles b - 4 uncursed food rations i - an uncursed tripe ration I - an uncursed tin of hobgoblin meat L - an uncursed tin of gnome meat Q - an uncursed tin of rothe meat R - an uncursed apple Scrolls p - an uncursed scroll of blank paper Rings H - an uncursed ring of slow digestion U - a cursed ring of polymorph Tools c - a -1 pick-axe (weapon in hand) d - a tinning kit (0:56) f - an uncursed sack m - an uncursed magic lamp Gems q - an uncursed touchstone z - an uncursed jasper stone C - an uncursed worthless piece of white glass J - an uncursed worthless piece of blue glass K - 2 uncursed worthless pieces of green glass N - 6 uncursed rocks (in quiver) Spells and supernatural/magical abilities: Name Level Category Fail Memory W - pray for help -- divine ? -- Your skills at the end: Fighting Skills Weapon Skills pick-axe [Skilled] whip [Basic] Spellcasting Skills Final Attributes: You were piously aligned. You were poison resistant. You were stealthy. You were fast. You are dead. Vanquished creatures: 7 Uruk-hai a rock mole a kobold mummy a black naga hatchling a homunculus a rothe an orc zombie 4 dwarf zombies 4 iguanas a hobbit 6 manes a large kobold 2 hobgoblins 2 cave spiders a brown mold 3 yellow molds 2 gnomes 6 geckos 5 jackals a fox 2 kobolds a goblin 4 sewer rats 9 grid bugs a bat 8 lichens 7 newts 83 creatures vanquished. Voluntary challenges: You were an atheist. You used a wielded weapon 97 times, starting on turn 29. You read items or engraved 6 times, starting on turn 1788. You never genocided any monsters. You never polymorphed an object. You never changed form. You used no wishes. You never split a pudding. You wrote Elbereth's name 1 time, starting on turn 4464. You never violated your personal moral code. Dungeon overview: The Dungeons of Doom: levels 1 to 8 Level 1 a long staircase Level 2 Level 3 a general store, a fountain Level 4 a fountain, a sink a long staircase Level 5 a fountain Level 6 Level 7 <- You were here many fountains Level 8 History has recorded: On T:1 you entered the Dungeons of Doom to retrieve the Amulet of Yendor! On T:312 you advanced to experience level 2. On T:446 you reached level 2 of The Dungeons of Doom. On T:915 you reached level 3 of The Dungeons of Doom. On T:1102 you advanced to experience level 3. On T:2341 you reached level 4 of The Dungeons of Doom. On T:2738 you reached level 5 of The Dungeons of Doom. On T:2788 you advanced to experience level 4. On T:3502 you reached level 6 of The Dungeons of Doom. On T:4095 you reached level 7 of The Dungeons of Doom. On T:4147 you advanced to experience level 5. On T:4413 you reached level 8 of The Dungeons of Doom. Score breakdown: Gold: 655 ( 9582 points) Experience: 5 levels (11141 points) Exploration: 8 levels ( 16.33%) (11456 points) Discoveries: 13 items ( 4.36%) ( 6265 points) Valuables value: (no points given unless you survive) Artifact value: 0 ( 0 points) Variety of kills: 27 monsters ( 7.09%) ( 7986 points) Turncount: 4470 turns (-1189 points) Survival: died (score multiplied by 80%) Total score: 36192 Latest messages: The orc zombie hits! You miss the orc zombie. The shrieker shrieks. You write in the dust with your fingers. You add to the writing in the dust with your fingers. The orc zombie hits! You hit the orc zombie. (2x) You add to the writing in the dust with your fingers. The orc zombie turns to flee! The shrieker shrieks. The dark green potion misses the rothe. A dark green potion shatters! The phial crashes on the rothe's head and breaks into shards. The magenta potion evaporates. The rothe looks sound and hale again. (You can name a magenta potion from the item naming menu.) The brilliant blue potion misses the rothe. A brilliant blue potion shatters! The ape hits! (2x) You die... Final status: Goodbye zoologist the Archeologist, killed by an ape... You died in The Dungeons of Doom on dungeon level 7 with 36192 points, and 655 pieces of gold, after 4470 moves. You were level 5 with a maximum of 44 hit points when you died.